 Dungeon Crawl Stone Soup version 0.30.0-17-ge0270778cf (webtiles) character file.

Game seed: 4044965552648172320

210 IndexError the Magician (level 6, -3/43 HPs)
             Began as a Djinni Ice Elementalist on May 22, 2023.
             Was an Initiate of Makhleb.
             Slain by a gnoll
             ... wielding a +0 spear
             ... led by a gnoll bouda
              (6 damage)
             ... on level 4 of the Dungeon.
             The game lasted 00:06:48 (3467 turns).

IndexError the Magician (Djinni Ice Elementalist)   Turns: 3467, Time: 00:06:48

Health: -3/43      AC:  3    Str:  7    XL:     6   Next: 12%
Gold:   297        EV: 12    Int: 19    God:    Makhleb [......] SH:  0 Dex: 13

rFire   + + .        e - +0 hand axe
rCold   x . .        (no shield)
rNeg    . . .        a - +0 robe
rPois   ∞            (no helmet)
rElec   .            h - scarf {+Inv}
rCorr   .            k - +0 pair of gloves
SInv    .            (boots unavailable)
Will    .....        (no amulet)
Stlth   ++           (no ring)
HPRegen 0.27/turn    (no ring)
MPRegen 0.00/turn

%: infuse magic (-4 HP)
@: weakened, flying
A: sickness immunity, fire resistance 2, cold vulnerability 1, float, innate
caster, HP casting, extra vitality 1
a: Renounce Religion, Evoke Invisibility


You were on level 4 of the Dungeon.
You worshipped Makhleb.
Makhleb was noncommittal.
You visited 2 branches of the dungeon, and saw 5 of its levels.

You collected 297 gold pieces.

Inventory:

Hand Weapons
 e - a +0 hand axe (weapon)
   (You found it on level 1 of the Dungeon)
Missiles
 g - 4 javelins
 u - 3 curare-tipped darts
Armour
 a - a +0 robe (worn)
 h - a scarf of invisibility (worn)
   (You found it on level 1 of the Dungeon)
 k - a +0 pair of gloves (worn)
   (You found it on level 2 of the Dungeon)
 l - the +1 leather armour "Xexzung" {Rampage Fly Int-2 SInv}
   (You found it on level 2 of the Dungeon)

   Int:       It affects your intelligence (-2).
   SInv:      It lets you see invisible.
   Fly:       It grants you flight.
   Rampage:   It bestows one free step when moving towards enemies.
Jewellery
 n - a ring of fire {rF+, rC-}
   (You found it on level 2 of the Dungeon)
 p - an amulet of faith {Faith, !P}
   (You found it on level 3 of the Dungeon)
Scrolls
 b - 3 scrolls of magic mapping {unknown}
 c - a scroll of identify {unknown}
 d - 2 scrolls of teleportation {unknown}
 i - a scroll of vulnerability {unknown}
 r - a scroll of acquirement {unknown}
 s - 2 scrolls of immolation {unknown}
 t - 3 scrolls of enchant armour {unknown}
Potions
 f - 5 potions of curing {unknown}
 j - a potion of heal wounds
 m - a potion of cancellation {unknown}
 o - a potion of invisibility {unknown}
 q - a potion of haste {unknown}
 v - a potion of might {unknown}


   Skills:
 + Level 2.0 Fighting
 - Level 2.1 Dodging
 - Level 1.5 Stealth
 + Level 5.1 Spellcasting


You knew the following spells:

 Your Spells              Type           Power      Damage    Failure   Level
a - Freeze                Ice            96%        1d10      1%          1
b - Frozen Ramparts       Ice            48%        1d8       4%          3
c - Summon Ice Beast      Ice/Summ       24%        N/A       16%         4
d - Wereblood             Tmut           24%        N/A       2%          2
s - Slow                  Hex            96%        N/A       1%          1
A - Ozocubu's Armour      Ice            24%        N/A       4%          3
Your spell library was empty.

Dungeon Overview and Level Annotations

Branches:
Dungeon (4/15)             Temple (1/1) D:4

Altars:
Elyvilon
Fedhas
Gozag
Hepliaklqana
Makhleb
Okawaru
Qazlal
Ru
Trog
Uskayaw
Wu Jian
Xom
Yredelemnul
Zin
The Shining One


Innate Abilities, Weirdness & Mutations

You are immune to sickness and miasma.
You are immune to poison.
Your flesh is very heat resistant. (rF++)
You are vulnerable to cold. (rC-)
You float through the air rather than walking.
You learn spells naturally, not from books.
Your magical power is your life essence.
You have superior vitality. (+4 MHP)


Message History

You see here a quokka corpse.
Health restored: 37 An adder comes into view.
An adder is nearby!
An adder is nearby!
The adder hisses angrily.
The adder bites you but does no damage.
You freeze the adder. The adder barely misses you. The adder bites you.
You take 5 damage, and have 32/37 hp.
You freeze the adder! The adder bites you.
You take 1 damage, and have 31/37 hp.
You freeze the adder. Makhleb accepts your kill.
You take 1 damage, and have 30/37 hp.
A gnoll comes into view. It is wielding a +0 spear.
Health restored: 37 A gnoll is nearby!
A gnoll is nearby!
A gnoll comes into view. It is wielding a +0 halberd.
The gnoll shouts! x2
A gnoll comes into view. It is wielding a +1 heavy flail.
The gnoll moves out of view.
A gnoll bouda comes into view. It is wielding a +0 whip.
The gnoll shouts!
The gnoll bouda shouts!
There is a stone staircase leading down here.
Casting: Freeze (safe; 1% risk of failure)
Confirm with . or Enter, or press ? or * to list all spells.
Casting: Frozen Ramparts (dangerous; 4% risk of failure)
Press: ? - help, Dir - look around, f - activate The walls around you are covered in ice.
The wall freezes the gnoll.
The gnoll hits you from afar with a +0 spear!
You take 10 damage, and have 27/37 hp.
MASSIVE DAMAGE!!
The wall freezes the gnoll.
The gnoll hits you from afar with a +0 spear.
You take 1 damage, and have 26/37 hp.
The wall freezes the gnoll.
Makhleb accepts your kill.
There are monsters nearby!
The wall freezes the gnoll.
The wall freezes the gnoll bouda.
The frozen ramparts melt away.
The gnoll barely misses you.
The gnoll bouda hits you with a +0 whip.
You take 2 damage, and have 25/37 hp.
Casting: Frozen Ramparts (dangerous; 4% risk of failure)
Confirm with . or Enter, or press ? or * to list all spells.
Casting: Frozen Ramparts (dangerous; 4% risk of failure)
Press: ? - help, Dir - look around, f - activate The walls around you are covered in ice.
The wall freezes the gnoll bouda but does no damage.
The gnoll bouda misses you.
The wall freezes the gnoll.
The gnoll hits you from afar with a +0 halberd!
* * * LOW HITPOINT WARNING * * *
The wall freezes the gnoll.
The gnoll closely misses you.
You take 14 damage, and have 11/37 hp.
MASSIVE DAMAGE!!
Casting: Frozen Ramparts (dangerous; 4% risk of failure)
Confirm with . or Enter, or press ? or * to list all spells.
A film of ice covers your body!
* * * LOW HITPOINT WARNING * * *
The wall freezes the gnoll bouda but does no damage.
The gnoll bouda hits you with a +0 whip.
* * * LOW HITPOINT WARNING * * *
The wall freezes the gnoll!
Makhleb accepts your kill.
Your Spellcasting skill increases to level 5!
You take 4 damage, and have 7/37 hp.
You barely miss the gnoll. You barely miss the gnoll bouda.
The wall freezes the gnoll bouda but does no damage.
The gnoll bouda hits you with a +0 whip!
* * * LOW HITPOINT WARNING * * *
The wall freezes the gnoll.
The gnoll barely misses you.
You take 6 damage, and have 1/37 hp.
You barely miss the gnoll. You hit the gnoll bouda.
The wall freezes the gnoll bouda.
The gnoll bouda barks out a call to the hunt!
The gnoll picks up the pace!
The wall freezes the gnoll.
Makhleb accepts your kill.
The wall freezes the gnoll bouda but does no damage.
The gnoll bouda hits you but does no damage.
You hear a shout!
You are too injured to fight recklessly!
You barely miss the gnoll bouda.
The wall freezes the gnoll bouda.
The gnoll bouda barks out a call to the hunt!
You hit the gnoll bouda.
The wall freezes the gnoll bouda.
The gnoll bouda barely misses you.
You barely miss the gnoll bouda.
The wall freezes the gnoll bouda.
The gnoll bouda gazes fiercely through you!
You feel your attacks grow feeble. The gnoll bouda closely misses you.
The wall freezes the gnoll bouda.
Makhleb accepts your kill.
Your Fighting skill increases to level 2!
You have reached level 6!
The frozen ramparts melt away.
A gnoll comes into view. It is wielding a +0 flail.
Your icy armour will break if you move.
Continue?
Your icy armour cracks and falls away as you move.
A gnoll comes into view. It is wielding a +0 spear.
The gnoll hits you with a +0 spear.
You die...

###### #.....
#########g....
#.......g.....
#####.#......g...#
#.g.>.'..........#
#@#...#..........+
#.##.##..........#
#.).g##..........+
####.##..........#
#..############
##.# #†## #..####
####....###


You could see a gnoll (swift).

Vanquished Creatures
  A gnoll bouda (D:4)
  A hound (D:2)
  An orc wizard (D:4)
  3 gnolls (D:4)
  4 adders
  A worm (D:3)
  5 orcs (D:4)
  4 bats
  6 endoplasms
  A giant cockroach (D:3)
  4 goblins
  3 hobgoblins
  7 jackals
  2 quokkas
  7 ball pythons
  4 frilled lizards
  3 kobolds
  3 rats
60 creatures vanquished.

Notes
Turn   | Place    | Note
-------+----------+-------------------------------------------
     0 | D:1      | IndexError the Djinni Ice Elementalist began the quest for
                  | the Orb.
     0 | D:1      | IndexError set off with the following spells memorised:
                  | Freeze, Frozen Ramparts, Ozocubu's Armour, Summon Ice
                  | Beast.
     0 | D:1      | Reached XP level 1. HP: 15/15 MP: 0/0
   354 | D:1      | Reached XP level 2. HP: 9/21 MP: 0/0
   872 | D:1      | Found a faded altar of an unknown god.
  1111 | D:2      | Reached skill level 4 in Spellcasting
  1111 | D:2      | Reached XP level 3. HP: 18/25 MP: 0/0
  1111 | D:2      | Learned a level 1 spell: Slow
  1236 | D:2      | Reached XP level 4. HP: 31/31 MP: 0/0
  1671 | D:2      | Identified the +1 leather armour "Xexzung" {Rampage Fly
                  | Int-2 SInv}
  2609 | D:3      | Reached XP level 5. HP: 32/35 MP: 0/0
  2609 | D:3      | Learned a level 2 spell: Wereblood
  2673 | D:3      | Found a burning altar of Makhleb.
  2673 | D:3      | Noticed a green death
  2738 | D:3      | Noticed a smoke demon
  2738 | D:3      | Noticed a smoke demon
  2740 | D:3      | Became a worshipper of Makhleb the Destroyer
  3113 | D:4      | Reached skill level 1 in Fighting
  3149 | D:4      | Found a staircase to the Ecumenical Temple.
  3165 | Temple   | Entered the Ecumenical Temple
  3459 | D:4      | HP: 7/37 [gnoll bouda/+0 whip (1)]
  3460 | D:4      | Reached skill level 5 in Spellcasting
  3460 | D:4      | HP: 1/37 [gnoll bouda/+0 whip (7)]
  3465 | D:4      | Reached skill level 2 in Fighting
  3465 | D:4      | Reached XP level 6. HP: 2/43 MP: 0/0
  3467 | D:4      | Slain by a gnoll

Illustrated notes

Levels and vault maps discovered:
D:1:      nzn_arrival_depleted_hourglass, layout_basic,
          shapermc_ecumenical_altar_acropolis, minmay_tetromino_l2
D:2:      layout_basic, serial_glass, glass_columns_a, glass_columns_c
D:3:      layout_loops_ring, makhleb_altar_promises_db
D:4:      layout_basic, ashenzari_conservatory_becter,
          minmay_temple_entry_gardened_gates
Temple:   eino_temple_rhombus

Skill      XL: |  1  2  3  4  5 |
---------------+----------------+-----
Spellcasting   | 4 5 |  5.1
Fighting       | 2 |  2.0
Dodging        | |  2.1
Stealth        | |  1.5

Action                     |  1- 3 |  4- 6 || total
---------------------------+-------+-------++-------
  Melee: Hand axe          |     7 |    39 ||    46
   Cast: Freeze            |    22 |    29 ||    51
         Frozen Ramparts   |       |    11 ||    11
         Ozocubu's Armour  |       |     1 ||     1
   Stab: Sleeping          |     1 |     3 ||     4
 Armour: Robe              |     6 |    20 ||    26
  Dodge: Dodged            |    17 |    53 ||    70

Levels and vault maps discovered:
D:1:      nzn_arrival_depleted_hourglass, layout_basic,
          shapermc_ecumenical_altar_acropolis, minmay_tetromino_l2
D:2:      layout_basic, serial_glass, glass_columns_a, glass_columns_c
D:3:      layout_loops_ring, makhleb_altar_promises_db
D:4:      layout_basic, ashenzari_conservatory_becter,
          minmay_temple_entry_gardened_gates
Temple:   eino_temple_rhombus

Table legend: (Time is in decaauts)
 A = Elapsed time spent in this place.
 B = Non-inter-level travel time spent in this place.
 C = Inter-level travel time spent in this place.
 D = Time resting spent in this place.
 E = Time spent auto-exploring this place.
 F = Levels seen in this place.
 G = Mean time per level.
                   A        B        C        D        E       F      G
               +--------+--------+--------+--------+--------+-----+--------+
         Total |   3481 |   3103 |    378 |      0 |   2684 |   5 |  696.2 |
       Dungeon |   3315 |   2945 |    370 |      0 |   2540 |   4 |  828.8 |
        Temple |    165 |    157 |      8 |      0 |    144 |   1 |  165.0 |
               +--------+--------+--------+--------+--------+-----+--------+

Top non-repeatable levels by time:
     D:2: 1137 daAuts
     D:1: 1065 daAuts
     D:3: 875 daAuts
     D:4: 237 daAuts
  Temple: 165 daAuts

Table legend:
 A = Kills in this place as a percentage of kills in the entire game.
 B = Kills by you in this place as a percentage of kills by you in the entire game.
 C = Kills by friends in this place as a percentage of kills by friends in the entire game.
 D = Other kills in this place as a percentage of other kills in the entire game.
 E = Experience gained in this place as a percentage of experience gained in the entire game.
 F = Experience gained in this place divided by the number of levels of this place that you have seen.
                   A       B       C       D       E      F
               +-------+-------+-------+-------+-------+----------------------
         Total | 100.0 | 100.0 |   N/A |   N/A | 100.0 |  60.0
       Dungeon | 100.0 | 100.0 |   N/A |   N/A | 100.0 |  75.0
               +-------+-------+-------+-------+-------+----------------------
